cohdb
Replays
Latest Replays
All Replays
Popular Replays
Top Player Replays
Match Explorer
How It Works
Community
CoH3 Stats
Reddit
Sign in to upload your games and track your stats! →
Sign in with Steam
Match 46151388
Unlisted
Match 46151388
Overview
Messages
Build Orders
End
Construct Section Command Post
Selects Air and Sea Battlegroup
Dingo Light Scout Car
Infantry Section
Infantry Section
Construct Platoon Command Post
Selects Supply Surplus
Construct Resource Cache
Construct Resource Cache
Humber Armored Car
Construct Resource Cache
Construct Company Command Post
Selects Commando Section Paradrop
Selects Commando Support Section Paradrop
Crusader II Medium Tank
Crusader II Medium Tank
Crusader II Medium Tank
Candi
BlackJackKing
Markie21marc
makke
Kampfstärke
Dam
Supreme
LetMeOutNow
0
0
Comments
sign in to comment!
No comments posted yet!